 Dungeon Crawl Stone Soup version 0.23-a0-860-g8ff03fb (webtiles) character file.

175656 Monsterracer the Marksdemigod (level 16, -2/141 HPs)
             Began as a Demigod Wizard on Jan 25, 2019.
             Shot with an arrow by Vashnia (6 damage)
             ... on level 4 of the Snake Pit on Jan 27, 2019.
             The game lasted 01:34:47 (54031 turns).

Monsterracer the Marksdemigod (Demigod Wizard)     Turns: 54031, Time: 01:34:48

Health: -2/141     AC: 25    Str: 16    XL:     16   Next: 93%
Magic:  31/31      EV: 10    Int: 21    God:
Gold:   3017       SH:  0    Dex: 17    Spells: 18/30 levels left

rFire    + . .     SeeInvis .   a - +9 longbow (velocity)
rCold    . . .     Gourm    .   (shield currently unavailable)
rNeg     . . .     Faith    .   q - +4 chain mail {rF+}
rPois    +         Spirit   .   n - +2 helmet
rElec    .         Reflect  .   g - +0 cloak of Xom's Reproof {rCorr Int-3 Slay+2}
rCorr    +         Harm     .   t - +0 pair of gloves
MR       +....                  f - +1 pair of boots
Stlth    ..........             Y - amulet of Sunlight {RegenMP Dex+3 Slay+4}
HPRegen  0.33/turn              S - ring of poison resistance {!d}
MPRegen  0.47/turn              G - ring of wizardry

@: lethally poisoned (-2 -> -2), portal projectile
A: dopey 1, high mp 1
a: Cancel Portal Projectile


You were on level 4 of the Snake Pit.
You were not hungry.

You visited 5 branches of the dungeon, and saw 28 of its levels.
You also visited: Ice Cave.

You collected 3017 gold pieces.

Inventory:

Hand Weapons
 a - a +9 longbow of velocity (weapon)
 b - a +5 trident of venom
Missiles
 C - a throwing net {!f}
 I - 334 arrows (quivered)
Armour
 f - a +1 pair of boots (worn)
 g - the +0 cloak of Xom's Reproof (worn) {rCorr Int-3 Slay+2}
   (You found it on level 6 of the Lair of Beasts)

   It affects your intelligence (-3).
   It affects your accuracy and damage with ranged weapons and melee attacks
   (+2).
   It provides partial protection from all sources of acid and corrosion.
 n - a +2 helmet (worn)
 q - a +4 chain mail of fire resistance (worn)
 t - a +0 pair of gloves (worn)
Jewellery
 m - an uncursed ring of fire
 o - an uncursed ring of protection from magic {!d}
 A - an uncursed ring of positive energy
 G - a ring of wizardry (right hand)
 J - an uncursed ring of ice
 K - an uncursed ring of protection from magic {!d}
 S - a ring of poison resistance (left hand) {!d}
 Y - the amulet of Sunlight (around neck) {RegenMP Dex+3 Slay+4}
   (You found it on level 6 of the Lair of Beasts)

   [amulet of magic regeneration]

   It increases your magic regeneration.
   It affects your dexterity (+3).
   It affects your accuracy and damage with ranged weapons and melee attacks
   (+4).
Wands
 d - a wand of iceblast (33)
 h - a wand of disintegration (23)
 r - a wand of digging (12)
 B - a wand of flame (80)
 T - a wand of acid (18)
Scrolls
 e - 8 scrolls of remove curse
 j - 10 scrolls of teleportation {!r}
 p - 2 scrolls of holy word
 x - a scroll of fear {!r}
 y - 3 scrolls of fog
 F - a scroll of summoning {!r}
 N - 3 scrolls of blinking
 U - 4 scrolls of magic mapping {!r}
 V - 10 scrolls of identify
 X - 3 scrolls of amnesia
Potions
 i - a potion of resistance
 k - 3 potions of heal wounds
 l - 2 potions of cancellation
 s - 4 potions of brilliance
 u - 3 potions of mutation {!q}
 v - 14 potions of curing
 D - 3 potions of agility
 E - 4 potions of haste
 H - 3 potions of lignification
 L - 5 potions of flight
 M - 2 potions of magic
 O - 2 potions of invisibility
 P - a potion of ambrosia {!q}
 R - 4 potions of might
Miscellaneous
 Q - a phial of floods
Comestibles
 c - 55 rations


   Skills:
 + Level 12.8 Fighting
   Level 4.5 Maces & Flails
 - Level 5.5 Polearms
 * Level 16.2 Bows
 + Level 11.8 Armour
 - Level 5.0 Dodging
 - Level 1.7 Stealth
 - Level 7.5 Spellcasting
 - Level 10.0 Conjurations
 + Level 4.1 Hexes
   Level 0.8 Summonings
 + Level 6.0 Translocations
 - Level 5.1 Evocations


You had 18 spell levels left.
You knew the following spells:

 Your Spells              Type           Power        Failure   Level  Hunger
b - Conjure Flame         Conj/Fire      ####....     12%         3    None
c - Mephitic Cloud        Conj/Pois/Air  ###.....     24%         3    None
d - Portal Projectile     Hex/Tloc       ####..       12%         3    None
e - Blink                 Tloc           N/A          4%          2    None
z - Apportation           Tloc           ####..       2%          1    None

Your spell library contained the following spells:

 Spells                   Type           Power        Failure   Level  Hunger
 Magic Dart               Conj           ####         1%          1    None
 Sting                    Conj/Pois      ####         4%          1    None
 Confusing Touch          Hex            ####..       6%          1    None
 Throw Frost              Conj/Ice       ####..       6%          2    None
 Slow                     Hex            ####....     9%          2    None
 Gell's Gravitas          Tloc           ####......   9%          3    None
 Force Lance              Conj/Tloc      #####...     12%         4    ###....
 Confuse                  Hex            ####....     17%         3    None
 Summon Small Mammal      Summ           ##..         22%         1    None
 Animate Skeleton         Necr           N/A          32%         1    None
 Freeze                   Ice            #...         32%         1    None
 Call Imp                 Summ           ##......     32%         2    None
 Throw Icicle             Conj/Ice       ####....     38%         4    ###....
 Poisonous Vapours        Pois/Air       #.....       43%         2    None
 Cause Fear               Hex            ####......   47%         4    ###....
 Ozocubu's Armour         Chrm/Ice       #.......     65%         3    None
 Venom Bolt               Conj/Pois      ####......   71%         5    #####..
 Summon Ice Beast         Ice/Summ       #.......     92%         4    ###....
 Olgreb's Toxic Radiance  Pois           #.......     95%         4    ###....
 Petrify                  Tmut/Erth      #.......     95%         4    ###....
 Metabolic Englaciation   Hex/Ice        ###.......   97%         5    #####..
 Silence                  Hex/Air        ###.......   97%         5    #####..
 Yara's Violent Unravell  Hex/Tmut       ###.......   97%         5    #####..
 Dispersal                Tloc           ####......   98%         6    ######.
 Deflect Missiles         Chrm/Air       #.........   100%        6    ######.
 Freezing Cloud           Conj/Ice/Air   ###.......   100%        6    ######.
 Ring of Flames           Chrm/Fire      #.........   100%        7    #######
 Controlled Blink         Tloc           N/A          100%        8    #######
 Discord                  Hex            ####......   100%        8    #######
 Disjunction              Tloc           ####......   100%        8    #######


Dungeon Overview and Level Annotations

Branches:
Dungeon (15/15)            Temple (1/1) D:6            Lair (6/6) D:11
 Shoals (0/4) Lair:3        Snake (4/4) Lair:4        Slime (0/5) Lair:5
    Orc (2/2) D:11            Elf (0/3) Orc:2        Vaults (0/5) D:13
 Depths (0/5) D:15

Shops:
Orc:2 (==(

Annotations:
D:1 Terence
Lair:2 exclusion: 4 oklob plants
Snake:4 Vashnia


Innate Abilities, Weirdness & Mutations

You have an increased reservoir of magic. (+10% MP)
You are dopey. (Int -2)


Message History

Casting: Portal Projectile (safe; 12% risk of failure)
Confirm with . or Enter, or press ? or * to list all spells.
You begin teleporting projectiles to their destination.
You now have 28/31 mp.
You climb downwards.
Level annotation: Vashnia The anaconda grabs you.
The anaconda barely misses you. The anaconda constricts you.
The anaconda bites you but does no damage.
The anaconda constricts you.
The naga sharpshooter spits poison at you.
You resist.
The splash of poison hits you but does no damage.
There is a stone staircase leading up, spattered with blood here.
You see here 7 arrows.
Unknown command.
Unknown command.
Unknown command.
Unknown command.
You take 1 damage, and have 140/141 hp.
Firing (i - inventory. (/) - cycle)
I - 334 arrows (quivered)
Press: ? - help, Shift-Dir - straight line, f - anaconda
Aim: an anaconda (constricting you)
Okay, then.
The anaconda's grasp on you weakens, but your attempt to escape fails.
The anaconda bites you but does no damage.
The anaconda constricts you. The anaconda closely misses you.
The anaconda constricts you.
The naga sharpshooter shoots an arrow.
The arrow hits you but does no damage.
Vashnia shoots an arrow.
The arrow hits you!! The arrow freezes you!
You take 36 damage, and have 104/141 hp.
MASSIVE DAMAGE!!
You escape the anaconda's grasp.
The anaconda grabs you.
You stop ascending the stairs.
The anaconda bites you. The anaconda constricts you.
The naga sharpshooter shoots an arrow.
The arrow hits you but does no damage.
You take 3 damage, and have 101/141 hp.
The anaconda's grasp on you weakens, but your attempt to escape fails.
The anaconda bites you but does no damage.
The anaconda constricts you.
Vashnia shoots an arrow.
The arrow hits you but does no damage.
The anaconda bites you but does no damage.
The anaconda constricts you.
The naga sharpshooter shoots an arrow.
The arrow hits you!
You take 16 damage, and have 85/141 hp.
MP restored: 31 You escape the anaconda's grasp.
The anaconda grabs you.
You stop ascending the stairs.
The anaconda bites you but does no damage.
The anaconda constricts you.
Vashnia shoots an arrow.
The arrow hits you. The arrow freezes you.
The naga sharpshooter shoots an arrow.
The arrow hits you.
The anaconda bites you but does no damage.
The anaconda constricts you.
You take 14 damage, and have 71/141 hp.
You escape the anaconda's grasp.
The anaconda grabs you.
You stop ascending the stairs.
The anaconda barely misses you. The anaconda constricts you.
Vashnia shoots an arrow.
The arrow hits you.
* * * LOW HITPOINT WARNING * * *
The arrow freezes you.
* * * LOW HITPOINT WARNING * * *
The naga sharpshooter spits poison at you.
You are poisoned.
You resist.
The splash of poison hits you but does no damage.
You take 2 damage, and have 69/141 hp.
Unknown command.
You escape the anaconda's grasp.
You feel sick. The anaconda grabs you.
You stop ascending the stairs.
The anaconda bites you but does no damage.
* * * LOW HITPOINT WARNING * * *
The anaconda constricts you.
The naga sharpshooter casts a spell.
The naga sharpshooter magically shoots an arrow.
The arrow completely misses you.
You take 3 damage, and have 66/141 hp.
Unknown command.
Unknown command.
Unknown command.
The anaconda's grasp on you weakens, but your attempt to escape fails.
The anaconda completely misses you.
* * * LOW HITPOINT WARNING * * *
The anaconda constricts you.
Vashnia casts a spell.
Vashnia magically shoots an arrow.
The arrow hits you!!
* * * LOW HITPOINT WARNING * * *
The arrow freezes you.
* * * LOW HITPOINT WARNING * * *
The anaconda bites you.
* * * LOW HITPOINT WARNING * * *
The anaconda constricts you.
The naga sharpshooter shoots an arrow.
The arrow hits you but does no damage.
You take 30 damage, and have 36/141 hp.
MASSIVE DAMAGE!!
Unknown command.
You escape the anaconda's grasp.
You feel sick.
Vashnia gestures wildly while chanting.
Vashnia magically shoots an arrow.
The arrow hits you!!
* * * LOW HITPOINT WARNING * * *
The arrow freezes you.
You die...

## ###.#....#.....#........).#..
# ##..#.....((.......#.)...#.#
###.#.......NN.....(.......#..
##.##...[).)............)......
#.###..<.....#...[..........#..
###.##.........#...#.[[.......#.#
.......#.#......[.[#.[..........#
......####...#.S(.....#...###....
#####.# ##......@..##.#..## #...)
#..# #..[.#..########.####.)..
##..###.##.#..# #.#.......
###.....#####...##### #[.....##.
#....#...........##..###...#####.
...###............###....### #..
.### #.#####.............# ####..
## #.# ###.......##..###..... #
#.## ##...#####........##


You could see Vashnia, a naga sharpshooter and an anaconda.

Vanquished Creatures
  Agnes (Snake:2)
  Roxanne (Snake:4)
  The ghost of Axawale the Thaumaturge, an adept GnSk of Okawaru (Orc:1)
  9 nagarajas
  Louise (Snake:2)
  The ghost of Bugas the Nimble, a journeyman HaHu of Dithmenos (D:14)
  The ghost of nikopol the Severer, a journeyman MiBe of Trog (Lair:5)
  Azrael (Snake:2)
  A minotaur (D:14)
  Fannar (D:11)
  12 naga warriors
  A vault guard (D:13)
  A hydra (D:15)
  5 anacondas
  3 centaur warriors
  An ogre mage (D:15)
  6 two-headed ogres
  17 death yaks
  3 catoblepae (Lair:6)
  Urug (D:13)
  6 orc high priests (Orc:2)
  18 naga sharpshooters
  6 shock serpents
  3 spriggan berserkers
  2 sea snakes
  A fire crab (shapeshifter) (D:14)
  2 unseen horrors
  3 skeletal warriors (D:15)
  3 salamander mystics
  7 naga ritualists
  Pikel (D:5)
  A necromancer (IceCv)
  9 mana vipers
  7 orc knights
  A harpy (D:14)
  2 lindwurms (Lair:6)
  An oklob plant (Lair:4)
  3 deep elf magi
  7 ugly things
  5 manticores
  A wolf spider zombie (D:14)
  3 cyclopes
  3 guardian serpents (Snake:4)
  8 salamanders
  12 elephants
  A torpor snail (Lair:6)
  14 naga magi
  27 black mambas
  3 ice statues (IceCv)
  2 gargoyles
  8 spiny frogs
  3 rime drakes
  8 komodo dragons
  8 ice devils (IceCv)
  3 kobold demonologists (D:14)
  A tengu conjurer (D:14)
  10 trolls
  3 meliai (D:15)
  2 polar bears (Lair:6)
  The ghost of Zanta616 the Ruffian, an amateur DrTm (D:4)
  2 hornets
  6 slime creatures
  15 blink frogs
  4 hippogriffs
  5 shadows
  5 dream sheep (D:14)
  Sigmund (D:6)
  60 yaks
  Eustachio (D:4)
  A vampire (D:13)
  6 wyverns
  A wraith (D:13)
  3 hogs (D:8)
  2 basilisks
  2 humans
  A tarantella (shapeshifter) (D:15)
  3 fire elementals
  2 steam dragons
  A hungry ghost (D:13)
  47 nagas
  2 wargs
  An acid dragon (D:13)
  4 water moccasins
  A floating eye (shapeshifter) (D:15)
  2 hell hounds (Snake:2)
  9 porcupines
  A black bear (D:11)
  40 orc warriors
  A sky beast (D:13)
  A slave (D:5)
  5 ice beasts
  2 eyes of draining (D:10)
  4 phantoms
  14 wolves
  12 ogres
  5 boggarts (D:14)
  4 centaurs
  15 crocodiles
  3 big kobolds
  An earth elemental (D:13)
  16 bullfrogs
  7 scorpions
  A water moccasin skeleton (D:10)
  14 killer bees
  9 wights
  2 electric eels (Snake:2)
  5 howler monkeys
  5 crimson imps
  A quasit (D:9)
  A draconian simulacrum (IceCv)
  3 centaur zombies
  4 bullfrog skeletons
  42 orc priests
  6 centaur skeletons
  3 hounds
  14 jellies
  Jessica (D:2)
  27 orc wizards
  9 worker ants
  4 iguanas
  A troll simulacrum (IceCv)
  3 centaur simulacra
  A hound zombie (D:8)
  2 hound skeletons (D:5)
  Robin (D:2)
  A worker ant zombie (D:9)
  A naga simulacrum (IceCv)
  8 adders
  2 hound simulacra (D:4)
  An ogre simulacrum (IceCv)
  2 shadow imps
  16 oozes
  An adder skeleton (D:7)
  4 worms
  2 dart slugs
  4 leopard geckos
  121 orcs
  A ball python (D:2)
  11 bats
  11 giant cockroaches
  13 goblins
  6 hobgoblins
  8 jackals
  8 quokkas
  6 frilled lizards
  A giant cockroach zombie (D:5)
  15 kobolds
  3 leopard gecko simulacra (D:4)
  A leopard gecko skeleton (D:4)
  A leopard gecko zombie (D:8)
  A quokka skeleton (D:4)
  A quokka zombie (D:6)
  6 rats
  A fungus (Lair:1)
1011 creatures vanquished.

Vanquished Creatures (collateral kills)
  An elephant (Lair:5)
  2 blink frogs (Lair:5)
  A crocodile (Lair:5)
  3 killer bees
7 creatures vanquished.

Vanquished Creatures (others)
  An air elemental (D:13)
  A water elemental (D:13)
  2 humans
  A bush (Lair:5)
  18 fungi
  12 plants
35 creatures vanquished.

Grand Total: 1053 creatures vanquished

Notes
Turn   | Place    | Note
-------+----------+-------------------------------------------
     0 | D:1      | Monsterracer the Demigod Wizard began the quest for the
                  | Orb.
     0 | D:1      | Reached XP level 1. HP: 14/14 MP: 6/6
    10 | D:1      | Reached skill level 1 in Conjurations
   385 | D:1      | Reached XP level 2. HP: 20/20 MP: 5/8
   484 | D:1      | Learned a level 2 spell: Blink
  1202 | D:1      | Reached XP level 3. HP: 26/26 MP: 7/9
  1207 | D:1      | Learned a level 3 spell: Conjure Flame
  1466 | D:2      | Noticed Jessica
  1473 | D:2      | Noticed Terence
  1475 | D:2      | Killed Jessica
  1482 | D:2      | HP: 13/26 [poisoned by an adder]
  1490 | D:2      | HP: 11/26 [poisoned by an adder]
  1516 | D:1      | Upgraded the game from 0.23-a0-839-g6d2b917 to
                  | 0.23-a0-844-gdc03e01
  1644 | D:1      | HP: 11/26 [worm (9)]
  1647 | D:1      | HP: 5/26 [worm (6)]
  1824 | D:1      | HP: 10/26 [Terence/+0 mace (5)]
  1887 | D:2      | HP: 12/26 [bat (1)]
  1903 | D:2      | HP: 11/26 [bat (1)]
  2258 | D:2      | Noticed Robin
  2264 | D:2      | Killed Robin
  2264 | D:2      | Reached XP level 4. HP: 33/33 MP: 4/10
  2286 | D:1      | HP: 15/33 [hobgoblin/+0 club[Robin] (3)]
  2293 | D:1      | HP: 11/33 [hobgoblin/+0 club[Robin] (2)]
  2546 | D:2      | Found a shimmering altar of Xom.
  2956 | D:2      | HP: 15/33 [jackal (2)]
  3507 | D:3      | Reached XP level 5. HP: 38/38 MP: 4/12
  3768 | D:3      | Learned a level 3 spell: Mephitic Cloud
  3770 | D:3      | Learned a level 1 spell: Apportation
  4214 | D:4      | Reached skill level 5 in Conjurations
  4214 | D:4      | Reached skill level 1 in Translocations
  4402 | D:4      | Reached XP level 6. HP: 31/45 MP: 1/14
  4418 | D:4      | Found an iron altar of Okawaru.
  4733 | D:4      | HP: 22/45 [poisoned by a worker ant]
  4738 | D:4      | HP: 19/45 [poisoned by a worker ant]
  4744 | D:4      | HP: 17/45 [poisoned by a worker ant]
  4750 | D:4      | HP: 16/45 [poisoned by a worker ant]
  4758 | D:4      | HP: 15/45 [poisoned by a worker ant]
  4998 | D:4      | Found a runed gate.
  4998 | D:4      | Found a runed gate.
  4998 | D:4      | Found a runed gate.
  5000 | D:4      | Noticed Eustachio
  5020 | D:4      | Killed Eustachio
  5020 | D:4      | Reached XP level 7. HP: 40/50 MP: 4/16
  5113 | D:4      | Got a translucent mace
  5114 | D:4      | Identified the +5 mace of a volcano {crush, Str+5} (You
                  | found it on level 4 of the Dungeon)
  5191 | D:4      | Found an ancient bone altar of Kikubaaqudgha.
  5192 | D:4      | Noticed a human
  5194 | D:4      | Killed a human
  5215 | D:4      | Found a white marble altar of Elyvilon.
  5467 | D:4      | Noticed Zanta616's ghost (amateur DrTm)
  5543 | D:3      | HP: 25/50 [ice beast (7)]
  5827 | D:4      | Got an encrusted chain mail
  5838 | D:4      | Identified the +8 chain mail of the Pit {rF- rN+++ Slay+3
                  | Stlth-} (You found it on level 4 of the Dungeon)
  5909 | D:5      | Entered Level 5 of the Dungeon
  6364 | D:5      | Reached skill level 1 in Fighting
  6675 | D:5      | Reached XP level 8. HP: 60/60 MP: 7/18
  7095 | D:5      | Got a jewelled ring mail
  7129 | D:5      | Identified the cursed +1 ring mail of True Grit {-Tele rF++
                  | Int+5} (You found it on level 5 of the Dungeon)
  7157 | D:6      | Found a staircase to the Ecumenical Temple.
  7319 | D:6      | HP: 25/61 [orc priest/divine providence (17)]
  7340 | D:5      | HP: 18/61 [scorpion (6)]
  7345 | D:5      | HP: 12/61 [scorpion (4)]
  7352 | D:5      | HP: 10/62 [poisoned by a scorpion]
  7360 | D:5      | HP: 10/62 [poisoned by a scorpion]
  7797 | D:5      | Reached skill level 1 in Armour
  7894 | D:5      | Reached skill level 5 in Spellcasting
  7895 | D:5      | HP: 31/63 [poisoned by an adder]
  7901 | D:5      | HP: 27/63 [something (3)]
  7908 | D:5      | HP: 26/63 [poisoned by an adder]
  7916 | D:5      | HP: 25/63 [poisoned by an adder]
  8413 | D:6      | Noticed Sigmund
  8427 | D:6      | Noticed a troll
  8432 | D:6      | Killed Sigmund
  8432 | D:6      | Reached skill level 1 in Maces & Flails
  8434 | D:6      | Noticed Pikel
  8781 | D:6      | Killed a troll
  8781 | D:6      | Reached skill level 1 in Evocations
  8904 | D:5      | Killed Pikel
  8904 | D:5      | Reached XP level 9. HP: 46/72 MP: 20/20
  9282 | Temple   | Entered the Ecumenical Temple
  9699 | D:7      | Found a shadowy altar of Dithmenos.
 10329 | D:8      | HP: 28/72 [wyvern (12)]
 10605 | D:8      | HP: 36/73 [hound zombie (2)]
 10612 | D:8      | HP: 35/73 [hound zombie (2)]
 10617 | D:8      | HP: 18/73 [something/puff of frost (7)]
 10670 | D:7      | HP: 23/73 [orc warrior/+0 glaive (7)]
 10700 | D:7      | HP: 22/73 [orc wizard/puff of flame (8)]
 10706 | D:7      | HP: 14/73 [orc warrior/+0 glaive (9)]
 11092 | D:8      | Reached skill level 5 in Fighting
 11322 | D:8      | HP: 37/74 [something (4)]
 11329 | D:8      | HP: 35/74 [poisoned by an orc wizard]
 11334 | D:8      | HP: 26/74 [poisoned by an orc wizard]
 11342 | D:8      | HP: 24/74 [poisoned by an orc wizard]
 11614 | D:8      | Found a hazy altar of Hepliaklqana.
 11614 | D:8      | Found a radiant altar of Vehumet.
 12001 | D:8      | HP: 36/74 [centaur (7)]
 12006 | D:8      | HP: 23/74 [centaur (6)]
 12011 | D:8      | HP: 19/74 [centaur (3)]
 12730 | D:8      | HP: 35/74 [yak (4)]
 12735 | D:8      | HP: 31/74 [yak (3)]
 13008 | D:8      | Reached XP level 10. HP: 71/83 MP: 12/21
 13983 | D:10     | Entered Level 10 of the Dungeon
 14353 | D:10     | Noticed a red ugly thing
 14530 | D:9      | HP: 39/83 [steam dragon (5)]
 14973 | D:9      | HP: 37/83 [red ugly thing (15)]
 14991 | D:10     | HP: 39/83 [jelly (1)]
 15408 | D:10     | Noticed a two-headed ogre
 15756 | D:10     | Got an iridescent dagger
 15757 | D:10     | Identified the cursed +3 dagger of Peuketa {speed, rElec
                  | MR+ Str-4} (You found it on level 10 of the Dungeon)
 16191 | D:10     | HP: 37/84 [orc warrior/+0 short sword (14)]
 16214 | D:10     | HP: 41/84 [orc warrior/+0 short sword (2)]
 16444 | D:11     | Noticed Fannar
 16463 | D:11     | Killed Fannar
 16650 | D:9      | Killed a two-headed ogre
 16886 | D:4      | Killed Zanta616's ghost
 17120 | D:11     | Found a staircase to the Lair.
 17357 | D:11     | Noticed an orc knight
 17370 | D:10     | HP: 42/86 [worker ant (3)]
 17375 | D:10     | HP: 41/86 [poisoned by a killer bee]
 17608 | D:11     | Found a roughly hewn altar of Beogh.
 17608 | D:11     | Found a staircase to the Orcish Mines.
 17794 | D:11     | HP: 43/86 [orc priest/divine providence (12)]
 18066 | D:11     | Reached skill level 5 in Dodging
 18066 | D:11     | Reached XP level 11. HP: 83/92 MP: 4/23
 18220 | D:11     | Noticed an orc knight
 18426 | D:11     | Identified a scroll of acquirement
 18467 | D:10     | Reached skill level 1 in Bows
 19248 | D:11     | HP: 44/92 [manticore (4)]
 19249 | D:11     | Reached skill level 2 in Bows
 19675 | D:11     | Reached skill level 3 in Bows
 19774 | D:11     | HP: 36/92 [orc warrior/+0 war axe (14)]
 20120 | D:11     | Killed an orc knight
 20120 | D:11     | Reached skill level 4 in Bows
 20470 | D:11     | Killed an unseen horror
 20470 | D:11     | Reached skill level 5 in Bows
 20820 | Lair:1   | Entered Level 1 of the Lair of Beasts
 20912 | Lair:1   | Found a frozen archway.
 21060 | IceCv    | Entered an ice cave
 21165 | IceCv    | Reached skill level 6 in Bows
 21547 | IceCv    | Reached skill level 7 in Bows
 21577 | IceCv    | HP: 43/92 [ice statue] (12)]
 21761 | IceCv    | HP: 44/92 [ice devil (9)]
 21884 | IceCv    | Reached skill level 5 in Evocations
 21970 | IceCv    | Noticed a necromancer
 21973 | IceCv    | Killed a necromancer
 22264 | Lair:1   | Reached skill level 1 in Polearms
 22524 | Lair:1   | Found a sparkling altar of Nemelex Xobeh.
 23609 | Lair:2   | Reached XP level 12. HP: 63/100 MP: 25/25
 24229 | Lair:3   | Found a staircase to the Shoals.
 24542 | Lair:3   | Reached skill level 5 in Armour
 24723 | Lair:3   | Reached skill level 8 in Bows
 25713 | Lair:3   | HP: 47/101 [water moccasin (4)]
 25718 | Lair:3   | HP: 40/101 [poisoned by a spiny frog]
 25723 | Lair:3   | HP: 36/101 [poisoned by a spiny frog]
 25728 | Lair:3   | HP: 33/101 [poisoned by a spiny frog]
 25734 | Lair:3   | HP: 32/101 [poisoned by a spiny frog]
 25740 | Lair:3   | HP: 32/101 [poisoned by a spiny frog]
 25748 | Lair:3   | HP: 32/101 [poisoned by a spiny frog]
 26079 | Lair:4   | Found a staircase to the Snake Pit.
 27039 | Lair:4   | HP: 42/101 [yak (12)]
 27419 | Lair:5   | HP: 49/101 [poisoned by a spiny frog]
 27425 | Lair:5   | HP: 46/101 [poisoned by a spiny frog]
 27430 | Lair:5   | HP: 43/101 [poisoned by a spiny frog]
 27435 | Lair:5   | HP: 42/101 [poisoned by a spiny frog]
 27440 | Lair:5   | HP: 41/101 [poisoned by a spiny frog]
 27448 | Lair:5   | HP: 42/101 [poisoned by a spiny frog]
 27499 | Lair:5   | HP: 49/101 [basilisk (5)]
 27842 | Lair:5   | Reached skill level 9 in Bows
 27914 | Lair:4   | HP: 46/102 [elephant (10)]
 28415 | Lair:5   | Found a viscous altar of Jiyva.
 28415 | Lair:5   | Found a staircase to the Slime Pits.
 28447 | Lair:5   | Reached skill level 5 in Polearms
 28456 | Lair:5   | Reached XP level 13. HP: 108/108 MP: 27/27
 28642 | Lair:6   | Entered Level 6 of the Lair of Beasts
 28810 | Lair:6   | Found a runed door.
 28810 | Lair:6   | Noticed nikopol's ghost (journeyman MiBe)
 28850 | Lair:5   | HP: 51/108 [poisoned by a black mamba]
 28855 | Lair:5   | HP: 43/108 [poisoned by a black mamba]
 28860 | Lair:5   | HP: 37/108 [poisoned by a black mamba]
 28865 | Lair:5   | HP: 33/108 [poisoned by a black mamba]
 28871 | Lair:5   | HP: 31/108 [poisoned by a black mamba]
 28878 | Lair:5   | HP: 30/108 [poisoned by a black mamba]
 28885 | Lair:5   | HP: 30/108 [poisoned by a black mamba]
 28893 | Lair:5   | HP: 30/108 [poisoned by a black mamba]
 29312 | Lair:5   | HP: 47/108 [blink frog (9)]
 30249 | Lair:6   | Reached skill level 10 in Conjurations
 30256 | Lair:6   | Reached skill level 10 in Bows
 31376 | Lair:6   | HP: 52/111 [death yak (13)]
 31893 | Lair:6   | Got a scintillating diamond amulet
 31895 | Lair:6   | Identified the amulet of Sunlight {RegenMP Dex+3 Slay+4}
                  | (You found it on level 6 of the Lair of Beasts)
 32061 | Lair:5   | Killed nikopol's ghost
 32142 | Lair:6   | Got a faintly humming cloak
 32153 | Lair:6   | Identified the cursed +0 cloak of Xom's Reproof {rCorr
                  | Int-3 Slay+2} (You found it on level 6 of the Lair of
                  | Beasts)
 32391 | D:12     | Reached skill level 11 in Bows
 32949 | D:12     | Reached XP level 14. HP: 112/118 MP: 29/29
 33241 | D:13     | Noticed Urug
 33256 | D:13     | Killed Urug
 33627 | D:13     | Found a large runed door.
 33628 | D:13     | Found a large runed door.
 34133 | D:13     | Found a gate to the Vaults.
 34427 | D:14     | Reached skill level 10 in Fighting
 34650 | D:14     | Reached skill level 12 in Bows
 34822 | D:14     | Found a runed gate.
 34822 | D:14     | Found a runed gate.
 34822 | D:14     | Found a runed gate.
 34823 | D:14     | Noticed Bugas's ghost (journeyman HaHu)
 35461 | D:14     | HP: 55/121 [death yak (9)]
 35472 | D:14     | HP: 46/121 [yak (1)]
 35480 | D:14     | HP: 37/121 [death yak (8)]
 35503 | D:14     | HP: 15/122 [yak (11)]
 35898 | D:14     | HP: 42/122 [death yak (50)]
 36471 | D:14     | HP: 45/122 [death yak (17)]
 36498 | D:14     | HP: 42/122 [dream sheep (2)]
 36816 | D:14     | HP: 51/122 [something (15)]
 36819 | D:14     | HP: 21/122 [something (19)]
 36820 | D:14     | HP: 2/122 [something (19)]
 37471 | D:14     | Killed Bugas's ghost
 37769 | D:15     | Entered Level 15 of the Dungeon
 37816 | D:15     | Reached skill level 13 in Bows
 38545 | D:15     | Reached XP level 15. HP: 128/128 MP: 30/30
 38548 | D:15     | Found the +8 Wrath of Trog {antimagic, *Rage}
 38557 | D:15     | HP: 54/128 [death yak[a spriggan berserker] (24)]
 38562 | D:15     | HP: 38/128 [spriggan berserker/+0 antimagic broad axe (18)]
 38569 | D:15     | HP: 8/129 [spriggan berserker/+2 antimagic war axe (33)]
 39039 | D:15     | HP: 62/129 [centaur warrior/arrow (10)]
 39065 | D:15     | HP: 42/129 [spriggan berserker/+0 quarterstaff (24)]
 39067 | D:15     | HP: 18/129 [spriggan berserker/+0 quarterstaff (25)]
 39598 | D:15     | Gained mutation: You are dopey. (Int -2) [a shining eye]
 39834 | D:15     | Found a staircase to the Depths.
 40103 | Orc:1    | Entered Level 1 of the Orcish Mines
 40149 | Orc:1    | Found a runed door.
 40151 | Orc:1    | Noticed Axawale's ghost (adept GnSk)
 40388 | Orc:1    | HP: 52/129 [Axawale's ghost (16)]
 40396 | Orc:1    | HP: 53/129 [Axawale's ghost] (1)]
 40413 | Orc:1    | HP: 57/129 [Axawale's ghost] (1)]
 40426 | Orc:1    | HP: 32/129 [Axawale's ghost (4)]
 40427 | Orc:1    | HP: 12/129 [Axawale's ghost (15)]
 40441 | Orc:1    | Killed Axawale's ghost
 40789 | Orc:2    | Entered Level 2 of the Orcish Mines
 40790 | Orc:2    | Found a staircase to the Elven Halls.
 41080 | Orc:2    | Found a roughly hewn altar of Beogh.
 41611 | Orc:2    | Reached skill level 10 in Armour
 41808 | Orc:2    | HP: 62/130 [orc high priest/+0 long sword (4)]
 41816 | Orc:2    | HP: 49/130 [poisoned by an orc priest]
 41822 | Orc:2    | HP: 18/130 [cyclops/large rock (23)]
 41828 | Orc:2    | HP: 18/130 [poisoned by an orc priest]
 42433 | Orc:2    | Reached skill level 14 in Bows
 42708 | Orc:2    | Found Ixkeg's Weapon Shoppe.
 42711 | Orc:2    | Found Hianaddi's Antique Weapon Shoppe.
 42712 | Orc:2    | Found Guenoxege's Jewellery Shoppe.
 42713 | Orc:2    | Found Nulan's Jewellery Emporium.
 42909 | Snake:1  | Entered Level 1 of the Snake Pit
 43464 | Snake:1  | HP: 64/130 [shock serpent/electric aura (19)]
 43470 | Snake:1  | HP: 62/130 [poisoned by a naga mage (poison arrow)]
 43477 | Snake:1  | HP: 61/130 [poisoned by a naga mage (poison arrow)]
 43484 | Snake:1  | HP: 61/130 [poisoned by a naga mage (poison arrow)]
 43492 | Snake:1  | HP: 62/130 [poisoned by a naga mage (poison arrow)]
 43975 | Snake:1  | Got a translucent leather armour
 43996 | Snake:1  | Identified the +2 leather armour of the Blind Marksman
                  | {Str+3 Int+3} (You found it on level 1 of the Snake Pit)
 44359 | Snake:1  | HP: 64/132 [shock serpent (14)]
 44364 | Snake:1  | HP: 44/132 [mana viper (14)]
 44371 | Snake:1  | HP: 21/132 [mana viper (8)]
 44840 | Snake:2  | HP: 65/132 [naga sharpshooter/arrow (11)]
 45213 | Snake:2  | Noticed Azrael
 45349 | Snake:2  | HP: 64/132 [Azrael/damnation (19)]
 45579 | Snake:2  | Killed Azrael
 45739 | Snake:2  | Noticed Agnes
 45745 | Snake:2  | HP: 49/132 [Agnes/+0 lajatang (23)]
 45747 | Snake:2  | Killed Agnes
 45753 | Snake:2  | HP: 41/132 [shock serpent/bolt of electricity (11)]
 45758 | Snake:2  | HP: 13/132 [sea snake (14)]
 45761 | Snake:2  | HP: 6/132 [sea snake (8)]
 46222 | Snake:2  | Noticed a nagaraja
 46230 | Snake:2  | Killed a nagaraja
 46292 | Snake:2  | HP: 62/132 [naga sharpshooter/arrow (6)]
 46453 | Snake:1  | Reached skill level 15 in Bows
 46878 | Snake:2  | Identified the +4 large shield of the Clam {rPois Str+5
                  | Dex-2 Stlth+}
 46878 | Snake:2  | Noticed Louise
 46896 | Snake:2  | HP: 64/132 [Louise/+0 morningstar of crushing (15)]
 46898 | Snake:2  | Killed Louise
 46898 | Snake:2  | Reached XP level 16. HP: 67/139 MP: 31/31
 46939 | Snake:2  | HP: 68/139 [naga ritualist/Olgreb's Toxic Radiance (4)]
 46944 | Snake:2  | HP: 49/139 [poisoned by a naga ritualist (toxic radiance)]
 46949 | Snake:2  | HP: 40/139 [poisoned by a naga ritualist (toxic radiance)]
 46958 | Snake:2  | HP: 30/139 [black mamba (4)]
 46960 | Snake:2  | HP: 9/139 [black mamba (10)]
 47634 | Snake:2  | Learned a level 3 spell: Portal Projectile
 48393 | Snake:2  | Upgraded the game from 0.23-a0-844-gdc03e01 to
                  | 0.23-a0-860-g8ff03fb
 49066 | Snake:3  | Reached skill level 1 in Hexes
 49246 | Snake:3  | HP: 68/140 [naga warrior/+2 battleaxe of chopping (3)]
 49251 | Snake:3  | HP: 62/140 [poisoned by a nagaraja (poison arrow)]
 49253 | Snake:3  | HP: 27/140 [naga warrior/+2 battleaxe of chopping (4)]
 49258 | Snake:3  | HP: 30/140 [poisoned by a naga warrior (splash of poison)]
 49266 | Snake:3  | HP: 30/140 [poisoned by a naga warrior (splash of poison)]
 49274 | Snake:3  | HP: 30/140 [poisoned by a naga warrior (splash of poison)]
 50040 | Snake:4  | Entered Level 4 of the Snake Pit
 50772 | Snake:4  | Identified Roxanne's Handbook of Transmutation
 50772 | Snake:4  | Noticed Roxanne
 50785 | Snake:4  | Killed Roxanne
 51520 | Snake:4  | Reached skill level 5 in Translocations
 51590 | Snake:4  | HP: 60/141 [anaconda (12)]
 51597 | Snake:4  | HP: 34/141 [anaconda (4)]
 51603 | Snake:3  | HP: 26/141 [anaconda (10)]
 53008 | Snake:4  | Reached skill level 16 in Bows
 53075 | Snake:4  | HP: 62/141 [nagaraja/orb of energy (28)]
 53749 | Snake:4  | Noticed Vashnia
 54028 | Snake:4  | HP: 70/141 [Vashnia/arrow (1)]
 54031 | Snake:4  | HP: 4/141 [Vashnia/arrow (31)]
 54031 | Snake:4  | Shot with an arrow by Vashnia

Vault maps used:
D:1:      noname_arrival_rooms_in_the_neighbourhood
D:2:      xom_teletrap_fun, corexii_hall_statues_x,
          minmay_randomly_rotated_circles, uniq_terence, uniq_jessica,
          uniq_robin
D:3:      corexii_shack
D:4:      okawaru_gym_becter, elyvilon_altar_1, gammafunk_ghost_icy,
          tgw_kikubaaqudgha, uniq_eustachio
D:5:      first_ration
D:6:      wander_river, minmay_temple_entry_overgrown, uniq_pikel, uniq_sigmund
D:7:      lemuel_doored_altar
D:8:      chequers_temple_overflow_statue_of_worship, grunt_livestock
D:11:     lair_entry_dummy, david_orc_5, kennysheep_kite_vault, uniq_fannar
D:13:     david_vaults_5, lightli_elemental_guards, uniq_urug
D:14:     slaughterhouse, maelrawn_ghost_gauntlet_escape
D:15:     hangedman_depths_entry_try_elsewhere_first, minmay_misc_feat_columns,
          minmay_guarded_unrand_wrath_of_trog
Temple:   eino_temple_scatter_basement
Lair:1:   portal_ice_cave_rime, basic_altar
Lair:2:   statuecave_lemuel, grunt_megastairs_3, minmay_lair_oklob_chamber
Lair:3:   lemuel_slime, elwin_shoals_entry_rocks, minivault_19,
          lemuel_fruit_tree
Lair:4:   dummy_snake_entry
Lair:5:   dpeg_slime_entry_enclosed_altar
Lair:6:   evilmike_catoblepas_cave, ebering_ghost_inner_flame,
          cheibrodos_lair_lostbears
Snake:1:  grunt_megastairs_2
Snake:2:  uniq_agnes, uniq_azrael, uniq_louise
Snake:4:  johnstein_snake_rune_scales, uniq_roxanne, uniq_vashnia
Orc:1:    ebering_ghost_reflecting_pool
Orc:2:    st_orc_pillars, mines1_david
IceCv:    ice_cave_tombish

Skill      XL: |  1  2  3  4  5  6  7  8  9 10 11 12 13 14 15 16 |
---------------+-------------------------------------------------+-----
Conjurations   | 2 3 4 5 6 7 8 9 10 | 10.0
Spellcasting   | 3 4 5 6 7 |  7.5
Translocations | 1 2 3 4 6 |  6.0
Fighting       | 1 4 5 7 8 9 10 12 | 12.8
Dodging        | 3 4 5 |  5.0
Armour         | 2 3 4 6 7 9 11 | 11.8
Maces & Flails | 1 3 4 |  4.5
Evocations     | 1 3 4 5 |  5.1
Bows           | 7 9 11 13 15 16 | 16.2
Polearms       | 3 5 |  5.5
Hexes          | 4 |  4.1
Stealth        | |  1.7
Summonings     | |  0.8

Action                   |  1- 3 |  4- 6 |  7- 9 | 10-12 | 13-15 | 16-18 || total
-------------------------+-------+-------+-------+-------+-------+-------++-------
Melee: Short sword       |    19 |    10 |       |       |       |       ||    29
       Dagger            |       |    40 |    60 |    36 |       |       ||   136
       Trident           |       |       |    89 |   478 |   277 |       ||   844
       Mace              |       |       |   147 |   394 |       |       ||   541
 Fire: Longbow           |       |       |       |   278 |  1167 |   487 ||  1932
 Cast: Magic Dart        |    93 |   161 |   428 |   219 |       |       ||   901
       Conjure Flame     |     1 |       |    19 |    29 |    16 |       ||    65
       Blink             |     1 |       |     4 |    15 |    23 |     6 ||    49
       Mephitic Cloud    |       |     1 |     7 |    16 |     2 |       ||    26
       Apportation       |       |       |       |       |     7 |       ||     7
       Portal Projectile |       |       |       |       |       |    26 ||    26
Evoke: Phial of floods   |       |       |       |       |     3 |       ||     3
       Wand              |       |       |       |       |     2 |       ||     2
       Box of beasts     |       |       |       |       |     1 |       ||     1
  Use: Scroll            |       |    13 |     8 |    21 |     8 |     3 ||    53
       Potion            |       |       |       |       |     3 |     2 ||     5
 Stab: Confused          |       |       |     3 |     6 |       |       ||     9
       Sleeping          |       |       |       |     4 |       |       ||     4
  Eat: Chunk             |     4 |     8 |    23 |    36 |    41 |     5 ||   117
       Ration            |       |       |     1 |     4 |     5 |     5 ||    15
Armor: Robe              |    22 |    24 |     5 |    56 |       |       ||   107
       Skin              |       |       |    12 |       |       |       ||    12
       Ring mail         |       |       |   183 |   156 |       |       ||   339
       Chain mail        |       |       |       |   433 |   572 |   138 ||  1143
Dodge: Dodged            |    59 |    51 |   233 |   522 |   311 |    79 ||  1255
Block: Other             |       |    16 |    46 |   262 |    56 |       ||   380
       Reflection        |       |       |     4 |     6 |       |       ||    10

Table legend:
 A = Non-vault XP
 B = Vault XP
 C = Vault XP percentage of total XP
 D = Non-vault monster count
 E = Vault monster count
 F = Vault count percentage of total count
                 A         B        C        D         E       F
            +---------+---------+-------+---------+---------+-------
      Total |  142439 |  109202 |  43.4 |     694 |     322 |  31.7
            +---------+---------+-------+---------+---------+-------
        D:1 |      53 |       6 |  10.2 |      26 |       3 |  10.3
        D:2 |      65 |      76 |  53.9 |      27 |      15 |  35.7
        D:3 |     100 |     130 |  56.5 |       8 |       2 |  20.0
        D:4 |     521 |     527 |  50.3 |      25 |       7 |  21.9
        D:5 |    1095 |     663 |  37.7 |      34 |       1 |   2.9
        D:6 |     639 |     227 |  26.2 |      14 |       1 |   6.7
        D:7 |     489 |       0 |   0.0 |      18 |       0 |   0.0
        D:8 |    1439 |     900 |  38.5 |      26 |       5 |  16.1
        D:9 |    2294 |       0 |   0.0 |      26 |       0 |   0.0
       D:10 |     665 |     258 |  28.0 |      12 |       5 |  29.4
       D:11 |    2978 |    3484 |  53.9 |      39 |      33 |  45.8
       D:12 |    6755 |       0 |   0.0 |      25 |       0 |   0.0
       D:13 |    3994 |    4323 |  52.0 |      42 |      11 |  20.8
       D:14 |    7452 |   16257 |  68.6 |      28 |      31 |  52.5
       D:15 |   15802 |    3032 |  16.1 |      30 |       5 |  14.3
     Lair:1 |    1204 |     758 |  38.6 |       8 |       2 |  20.0
     Lair:2 |    2486 |     238 |   8.7 |      15 |       2 |  11.8
     Lair:3 |    5234 |     574 |   9.9 |      23 |      19 |  45.2
     Lair:4 |    5135 |       0 |   0.0 |      22 |       0 |   0.0
     Lair:5 |   11895 |    1344 |  10.2 |      45 |       1 |   2.2
     Lair:6 |    7504 |   13236 |  63.8 |      24 |      26 |  52.0
    Snake:1 |   12369 |    1484 |  10.7 |      22 |       4 |  15.4
    Snake:2 |   19985 |    5790 |  22.5 |      39 |       6 |  13.3
    Snake:3 |   10182 |     927 |   8.3 |      21 |       1 |   4.5
    Snake:4 |   15588 |   38024 |  70.9 |      21 |      62 |  74.7
      Orc:1 |    1539 |    1902 |  55.3 |      27 |       2 |   6.9
      Orc:2 |    4977 |   10174 |  67.2 |      47 |      60 |  56.1
      IceCv |       0 |    4868 | 100.0 |       0 |      18 | 100.0
            +---------+---------+-------+---------+---------+-------

Vault maps used:
D:1:      noname_arrival_rooms_in_the_neighbourhood
D:2:      xom_teletrap_fun, corexii_hall_statues_x,
          minmay_randomly_rotated_circles, uniq_terence, uniq_jessica,
          uniq_robin
D:3:      corexii_shack
D:4:      okawaru_gym_becter, elyvilon_altar_1, gammafunk_ghost_icy,
          tgw_kikubaaqudgha, uniq_eustachio
D:5:      first_ration
D:6:      wander_river, minmay_temple_entry_overgrown, uniq_pikel, uniq_sigmund
D:7:      lemuel_doored_altar
D:8:      chequers_temple_overflow_statue_of_worship, grunt_livestock
D:11:     lair_entry_dummy, david_orc_5, kennysheep_kite_vault, uniq_fannar
D:13:     david_vaults_5, lightli_elemental_guards, uniq_urug
D:14:     slaughterhouse, maelrawn_ghost_gauntlet_escape
D:15:     hangedman_depths_entry_try_elsewhere_first, minmay_misc_feat_columns,
          minmay_guarded_unrand_wrath_of_trog
Temple:   eino_temple_scatter_basement
Lair:1:   portal_ice_cave_rime, basic_altar
Lair:2:   statuecave_lemuel, grunt_megastairs_3, minmay_lair_oklob_chamber
Lair:3:   lemuel_slime, elwin_shoals_entry_rocks, minivault_19,
          lemuel_fruit_tree
Lair:4:   dummy_snake_entry
Lair:5:   dpeg_slime_entry_enclosed_altar
Lair:6:   evilmike_catoblepas_cave, ebering_ghost_inner_flame,
          cheibrodos_lair_lostbears
Snake:1:  grunt_megastairs_2
Snake:2:  uniq_agnes, uniq_azrael, uniq_louise
Snake:4:  johnstein_snake_rune_scales, uniq_roxanne, uniq_vashnia
Orc:1:    ebering_ghost_reflecting_pool
Orc:2:    st_orc_pillars, mines1_david
IceCv:    ice_cave_tombish
